 Dungeon Crawl Stone Soup version 0.27-a0-412-g8dd771eca2 (webtiles) character file.

Game seed: 2903424387149315188

161 Murumi the Chucker (level 5, -2/53 HPs)
             Began as an Ogre Gladiator on Feb 24, 2021.
             Slain by a kobold
             ... wielding a +0 whip
              (5 damage)
             ... on level 2 of the Dungeon.
             The game lasted 00:06:41 (1868 turns).

Murumi the Chucker (Ogre Gladiator)                 Turns: 1868, Time: 00:06:41

Health: -2/53      AC:  3    Str: 18    XL:     5   Next: 42%
Magic:  5/5        EV: 10    Int: 10    God:
Gold:   26         SH:  0    Dex: 10    Spells: 4/4 levels left

rFire    . . .     SeeInvis .   e - +0 whip
rCold    . . .     Faith    .   (no shield)
rNeg     . . .     Spirit   .   b - +0 robe
rPois    .         Reflect  .   c - +0 hat
rElec    .         Harm     .   (no cloak)
rCorr    .         Rampage  .   (gloves unavailable)
Will     .....                  (boots unavailable)
Stlth    ++........             (no amulet)
HPRegen  0.17/turn              (no ring)
MPRegen  0.09/turn              (no ring)

@: no status effects
A: large, unfitting armour, tough skin 1
a: no special abilities


You were on level 2 of the Dungeon.
You visited 1 branch of the dungeon, and saw 2 of its levels.

You collected 26 gold pieces.

Inventory:

Hand Weapons
 a - a +1 flail
 e - a +0 whip (weapon)
Missiles
 d - 3 throwing nets
 f - 27 stones (quivered)
 i - 8 boomerangs
Armour
 b - a +0 robe (worn)
 c - a +0 hat (worn)
Potions
 g - a potion of curing
 h - a potion of flight {unknown}
 j - a potion of attraction {unknown}


   Skills:
 - Level 3.0 Fighting
 - Level 3.0 Maces & Flails
 - Level 4.0 Throwing
 - Level 3.0 Dodging
 + Level 2.2 Stealth


You had 4 spell levels left.
You didn't know any spells.
Your spell library was empty.

Dungeon Overview and Level Annotations

Branches:
Dungeon (2/15)

Altars:
Fedhas
Makhleb


Innate Abilities, Weirdness & Mutations

You are too large for most types of armour.
You have tough skin. (AC +1)


Message History

Deactivating autopickup; reactivate with Ctrl-A.
You bump into the rock wall.
You hear some strange, mumbled words.
A puff of flame appears from out of thin air!
The puff of flame hits you.
You barely miss something. Something hits you but does no damage.
You're too confused to move!
You hear some strange, mumbled words.
A magic dart appears from out of thin air!
The magic dart hits you.
You completely miss something.
You feel less confused. Something hits you.
* * * LOW HITPOINT WARNING * * *
You barely miss something. Something hits you.
* * * LOW HITPOINT WARNING * * *
You miss something. Something hits you.
* * * LOW HITPOINT WARNING * * *
You miss something.
You hear some strange, mumbled words.
A puff of flame appears from out of thin air!
The puff of flame misses you.
You hit something.
Reactivating autopickup.
You feel a bit more experienced.
Training target 4.0 for Throwing reached!
Your Throwing skill increases to level 4!
You need to enable at least one skill for training.
You hit the kobold.
The kobold is moderately wounded.
The kobold hits you with a +0 whip.
* * * LOW HITPOINT WARNING * * *
You barely miss the kobold.
The kobold is moderately wounded.
The kobold hits you with a +0 whip.
* * * LOW HITPOINT WARNING * * *
You hit the kobold but do no damage.
The kobold is moderately wounded.
The kobold hits you with a +0 whip.
You die...

#............
#o...........
#.o..........
#............
#..).........
####>........
#(.....### #K######
#.# #@# #.# #.
##'##### #.#.. ....
#......# #.#.. #.#..
#......# #.#.###....#
#.....(# #.#.##.....#
#......#
#.#.##.#..#####'#####
##.#.##.#........#
...#.##........###


You could see a kobold.

Vanquished Creatures
  A hound (D:2)
  An orc wizard (D:2)
  Natasha (D:2)
  2 adders (D:2)
  An ooze (D:2)
  4 dart slugs
  4 leopard geckos
  3 giant cockroaches
  4 goblins
  2 hobgoblins
  4 jackals (D:2)
  9 kobolds
  5 bats
  4 frilled lizards (D:1)
  3 rats (D:1)
48 creatures vanquished.

Vanquished Creatures (others)
  9 plants (D:1)
9 creatures vanquished.

Grand Total: 57 creatures vanquished

Notes
Turn   | Place    | Note
-------+----------+-------------------------------------------
     0 | D:1      | Murumi the Ogre Gladiator began the quest for the Orb.
     0 | D:1      | Reached XP level 1. HP: 22/22 MP: 1/1
   176 | D:1      | Reached XP level 2. HP: 31/31 MP: 2/2
   602 | D:1      | Reached skill level 1 in Stealth
   625 | D:1      | Reached XP level 3. HP: 37/37 MP: 3/3
  1347 | D:2      | Found a burning altar of Makhleb.
  1359 | D:2      | Reached XP level 4. HP: 30/45 MP: 4/4
  1467 | D:2      | Found a blossoming altar of Fedhas.
  1572 | D:2      | Noticed Natasha
  1583 | D:2      | Killed Natasha
  1584 | D:2      | Reached skill level 3 in Throwing
  1690 | D:2      | Reached XP level 5. HP: 48/53 MP: 5/5
  1866 | D:2      | Reached skill level 4 in Throwing
  1868 | D:2      | Slain by a kobold

Illustrated notes

Levels and vault maps discovered:
D:1:      dpeg_arrival_pits, layout_loops_ring, minmay_curled_crystal,
          lexackson_kobold_supper
D:2:      layout_basic, makhleb_heckhound_becter, fedhas_ov_isle_minmay,
          uniq_natasha

Skill      XL: |  1  2  3  4  5 |
---------------+----------------+-----
Fighting       | 3 |  3.0
Maces & Flails | 3 |  3.0
Dodging        | 3 |  3.0
Stealth        | 1 2 |  2.2
Throwing       | 3 4 |  4.0

Action                   |  1- 3 |  4- 6 || total
-------------------------+-------+-------++-------
Melee: Flail             |    34 |       ||    34
       Whip              |    52 |    70 ||   122
Throw: Stone             |    33 |    43 ||    76
       Boomerang         |       |     3 ||     3
  Use: Scroll            |     4 |     1 ||     5
       Potion            |     1 |       ||     1
 Stab: Sleeping          |     1 |     1 ||     2
Armor: Robe              |    26 |    14 ||    40
Dodge: Dodged            |    66 |    26 ||    92

Table legend: (Time is in decaauts)
 A = Elapsed time spent in this place.
 B = Non-inter-level travel time spent in this place.
 C = Inter-level travel time spent in this place.
 D = Time resting spent in this place.
 E = Time spent auto-exploring this place.
 F = Levels seen in this place.
 G = Mean time per level.
                   A        B        C        D        E       F      G
               +--------+--------+--------+--------+--------+-----+--------+
         Total |   1869 |   1745 |    124 |    141 |   1197 |   2 |  934.5 |
       Dungeon |   1869 |   1745 |    124 |    141 |   1197 |   2 |  934.5 |
               +--------+--------+--------+--------+--------+-----+--------+

Top non-repeatable levels by time:
     D:1: 1315 daAuts
     D:2: 554 daAuts
